AoeStats
← BottleDry

African Clearing

504865298Analyzed
4v4 RM · 26d ago on Sep 6, 2026· 45m 36s· 8 players
Game mode
Random Map
Map size
Large (8 player)
Population
200
Speed
Normal
Resources
Standard
Victory
Conquest
Starting age
Dark Age
Ending age
Imperial Age
RankedLock teamsTeams togetherTeam positionsShared explorationLock speedFull tech treeHidden civsTurbo modeCheats
Victory
Defeat
🇮🇹 Bohemians · Italy
996
+12
🇪🇸 Franks · Spain
917
+15
🇫🇷 Cumans · France
890
+17
🇩🇪 Burgundians · Germany
877
+17
🇲🇽 Persians · Mexico
999
-18
🇲🇽 Tupi · Mexico
937
-17
🇺🇸 Vietnamese · United States
855
-13
🇨🇴 Franks · Colombia
836
-13
Doktor-1887
4:37 Loom
12:13 Feudal Age
11:37 Double-Bit Axe
13:18 Horse Collar
18:42 Wheelbarrow
19:53 Bow Saw
22:30 Castle Age
21:44 Scale Barding Armor
21:59 Heavy Plow
21:52 Gold Mining
23:05 Hand Cart
23:21 Stone Mining
24:33 Chain Barding Armor
24:25 Forging
26:47 Husbandry
27:29 Gold Shaft Mining
27:41 Cavalier
30:00 Iron Casting
29:56 Hand Cart
33:18 Two-Man Saw
35:35 Imperial Age
34:40 Stone Shaft Mining
35:28 Scale Mail Armor
35:26 Town Watch
36:24 Crop Rotation
35:45 Arson
36:01 Squires
35:22 Pikeman
38:51 Conscription
38:39 Burgundian Vineyards
40:01 Chemistry
38:41 Treadmill Crane
39:24 Paladin
40:59 Elite Coustillier
44:15 Plate Barding Armor
44:41 Blast Furnace
Point and Click
5:29 Loom
17:06 Feudal Age
18:03 Town Watch
19:35 Double-Bit Axe
24:45 Bloodlines
27:34 Castle Age
26:57 Forging
28:45 Light Cavalry
33:07 Town Patrol
34:16 Bow Saw
33:52 Horse Collar
40:17 Imperial Age
39:05 Heavy Plow
40:19 Cavalier
42:21 Paladin
juanam86
10:43 Loom
13:34 Feudal Age
wallacebru
3:38 Loom
15:49 Feudal Age
16:31 Feudal Age
21:55 Castle Age
22:37 Double-Bit Axe
22:32 Horse Collar
25:34 Elite Skirmisher
28:53 Padded Archer Armor
33:10 Leather Archer Armor
32:46 Fletching
33:38 Ballistics
35:57 Bodkin Arrow
37:12 Chemistry
36:25 Fervor
40:49 Imperial Age
38:55 Wheelbarrow
40:05 Murder Holes
40:02 Guard Tower
39:54 Treadmill Crane
40:25 Masonry
41:56 Conscription
43:48 Bow Saw
Mono de Guayaba
7:05 Loom
17:44 Feudal Age
18:15 Arson
17:51 Champi Runner
27:33 Fletching
31:58 Scale Mail Armor
32:09 Forging
37:14 Castle Age
36:04 Double-Bit Axe
36:09 Gold Mining
41:27 Squires
AquilesBaeza952
8:13 Loom
14:17 Feudal Age
15:02 Double-Bit Axe
16:39 Horse Collar
18:31 Padded Archer Armor
18:22 Fletching
22:13 Castle Age
22:16 Crossbowman
23:01 Thumb Ring
24:10 Leather Archer Armor
23:50 Bodkin Arrow
24:34 Bodkin Arrow
26:21 Bow Saw
26:58 Ballistics
34:31 Wheelbarrow
34:09 Gold Mining
36:08 Hand Cart
38:05 Bloodlines
39:10 Scale Barding Armor
41:10 Heavy Plow
41:27 Forging
42:59 Chain Barding Armor
45:33 Iron Casting
BottleDry
4:54 Loom
14:27 Feudal Age
19:53 Castle Age
18:33 Double-Bit Axe
19:28 Fletching
19:46 Gold Mining
19:54 Horse Collar
20:06 Crossbowman
22:39 Padded Archer Armor
26:06 Leather Archer Armor
26:42 Heavy Plow
30:34 Thumb Ring
31:53 Bodkin Arrow
33:38 Squires
33:39 Scale Mail Armor
33:50 Forging
34:04 Pikeman
37:34 Wheelbarrow
luhigy23
3:55 Loom
18:52 Feudal Age
20:09 Wheelbarrow
22:50 Castle Age
21:55 Double-Bit Axe
24:08 Hand Cart
29:43 Town Watch
34:09 Gold Mining
34:09 Stone Mining
34:30 Bow Saw
40:29 Imperial Age
38:02 Town Patrol
40:16 Husbandry
40:52 Scale Barding Armor
40:49 Scale Mail Armor
40:59 Forging
40:41 Cavalier
44:07 Conscription
45:19 Chain Barding Armor
45:31 Chain Mail Armor
Connection lost

Rejoining the realm…

Still unreachable

The connection could not be restored.

Session expired

The server has moved on; the page needs a fresh start.